 Dungeon Crawl Stone Soup version 0.22.1 (webtiles) character file.

80584 Azzok the Covert (level 15, -5/115 HPs)
             Began as a Gnoll Enchanter on Sept 16, 2018.
             Was a High Priest of Sif Muna.
             Slain by a phantasmal warrior (25 damage)
             ... led by a death knight
             ... on level 13 of the Dungeon on Sept 17, 2018.
             The game lasted 01:19:58 (31484 turns).

Azzok the Covert (Gnoll Enchanter)                 Turns: 31484, Time: 01:19:59

Health: -5/115     AC:  8    Str: 16    XL:     15   Next: 67%
Magic:  20/30      EV: 20    Int: 22    God:    Sif Muna [*****.]
Gold:   2047       SH:  7    Dex: 16    Spells: 22/36 levels left

rFire    . . .     SeeInvis .   P - +2 dagger (venom)
rCold    + . .     Gourm    +   o - +0 buckler
rNeg     . . .     Faith    .   H - +0 troll leather armour
rPois    +         Spirit   .   B - +0 helmet
rElec    .         Reflect  .   M - scarf {repulsion}
rCorr    .         Harm     .   W - +0 pair of gloves
MR       .....                  (no boots)
Stlth    +++++.....             g - amulet of the gourmand
HPRegen  0.69/turn              e - ring of poison resistance
MPRegen  0.22/turn              N - ring of Qig Bih {+Fly rC+ Str+4}

@: about to teleport, vulnerable, slowed, repel missiles, very slow
A: distributed training, fangs 1, strong nose
a: Divine Energy, Channel Magic, Forget Spell, Renounce Religion, Evoke Flight


You were on level 13 of the Dungeon.
You worshipped Sif Muna.
Sif Muna was extremely pleased with you.
You were completely stuffed.

You visited 4 branches of the dungeon, and saw 22 of its levels.
You also visited: Labyrinth, Ice Cave and Volcano.

You collected 2469 gold pieces.
You spent 422 gold pieces at shops.

Inventory:

Hand Weapons
 P - a +2 dagger of venom (weapon)
Armour
 o - a +0 buckler (worn)
 B - a +0 helmet (worn)
 H - a +0 troll leather armour (worn)
 M - a scarf of repulsion (worn)
 S - a +2 leather armour of fire resistance
 W - a +0 pair of gloves (worn)
Magical Staves
 F - an uncursed staff of energy
Jewellery
 e - a ring of poison resistance (left hand)
 g - an amulet of the gourmand (around neck)
 y - an uncursed ring of protection from magic
 J - a +2 ring of dexterity
 K - an uncursed ring of positive energy
 N - the ring of Qig Bih (right hand) {+Fly rC+ Str+4}
   (You found it in an ice cave)

   [ring of flight]

   It affects your strength (+4).
   It protects you from cold.
   It lets you fly.
 T - an uncursed ring of protection from magic
Wands
 a - a wand of acid (7)
 b - a wand of clouds (3)
 p - a wand of digging (57)
 w - a wand of iceblast (1)
 V - a wand of disintegration (32)
Scrolls
 f - 3 scrolls of magic mapping
 i - 9 scrolls of enchant armour
 j - 6 scrolls of enchant weapon
 s - 4 scrolls of fear
 t - 8 scrolls of remove curse
 u - 4 scrolls of amnesia
 v - 10 scrolls of teleportation
 x - 4 scrolls of immolation
 A - 2 scrolls of holy word {unknown}
 C - 2 scrolls of fog
 L - a scroll of torment
 R - 3 scrolls of noise
Potions
 c - 6 potions of flight
 h - a potion of magic {unknown}
 k - 4 potions of resistance
 l - 5 potions of lignification
 m - 2 potions of brilliance {unknown}
 n - 5 potions of curing
 q - 8 potions of heal wounds
 r - 2 potions of degeneration {unknown}
 z - 3 potions of mutation {!q}
 D - 4 potions of agility
 I - 2 potions of berserk rage
 Q - a potion of cancellation {unknown}
 U - a potion of ambrosia {unknown}
 X - a potion of experience {unknown}
Comestibles
 d - 29 rations
 E - 25 chunks of flesh


   Skills:
 + Level 10.1 Fighting
 + Level 10.4 Short Blades
 + Level 10.1 Long Blades
 + Level 10.1 Axes
 + Level 10.1 Maces & Flails
 + Level 10.1 Polearms
 + Level 10.1 Staves
 + Level 10.1 Slings
 + Level 10.1 Bows
 + Level 10.1 Crossbows
 + Level 10.1 Throwing
 + Level 10.1 Armour
 + Level 11.0 Dodging
 + Level 11.5 Stealth
 + Level 10.1 Shields
 + Level 10.1 Unarmed Combat
 + Level 11.1 Spellcasting
 + Level 8.5 Conjurations
 + Level 10.1 Hexes
 + Level 8.5 Charms
 + Level 8.5 Summonings
 + Level 8.5 Necromancy
 + Level 8.5 Translocations
 + Level 8.5 Transmutations
 + Level 8.5 Fire Magic
 + Level 8.5 Ice Magic
 + Level 8.5 Air Magic
 + Level 8.5 Earth Magic
 + Level 8.5 Poison Magic
 + Level 10.9 Invocations
 + Level 10.1 Evocations


You had 22 spell levels left.
You knew the following spells:

 Your Spells              Type           Power        Failure   Level  Hunger
a - Corona                Hex            ######.      1%          1    None
b - Ensorcelled Hibernat  Hex/Ice        ######       1%          2    None
c - Confuse               Hex            ######..     1%          3    None
d - Dazzling Spray        Conj/Hex       ######       1%          3    None
e - Tukima's Dance        Hex            ######..     1%          3    None
f - Blink                 Tloc           N/A          1%          2    None

Your spell library contained the following spells:

 Spells                   Type           Power        Failure   Level  Hunger
 Animate Skeleton         Necr           N/A          1%          1    None
 Apportation              Tloc           #####.       1%          1    None
 Confusing Touch          Hex            ######       1%          1    None
 Infusion                 Chrm           ####         1%          1    None
 Magic Dart               Conj           ####         1%          1    None
 Summon Butterflies       Summ           #####...     1%          1    None
 Summon Small Mammal      Summ           ####         1%          1    None
 Call Imp                 Summ           #####...     1%          2    None
 Corpse Rot               Necr           N/A          1%          2    None
 Shroud of Golubria       Chrm/Tloc      #####.....   1%          2    None
 Slow                     Hex            ######..     1%          2    None
 Sublimation of Blood     Necr           #####.....   1%          2    None
 Conjure Flame            Conj/Fire      #####...     1%          3    None
 Lesser Beckoning         Tloc           #####.....   1%          3    None
 Mephitic Cloud           Conj/Pois/Air  #####...     1%          3    None
 Ozocubu's Armour         Chrm/Ice       #####...     1%          3    None
 Stone Arrow              Conj/Erth      #####.       1%          3    None
 Animate Dead             Necr           N/A          1%          4    #......
 Leda's Liquefaction      Hex/Erth       ######....   1%          4    #......
 Agony                    Necr           #####...     5%          5    ####...
 Alistair's Intoxication  Tmut/Pois      #####...     5%          5    ####...
 Borgnjor's Vile Clutch   Necr/Erth      #####.....   5%          5    ####...
 Excruciating Wounds      Chrm/Necr      #####.....   5%          5    ####...
 Summon Forest            Summ/Tloc      #####.....   5%          5    ####...
 Invisibility             Hex            ######..     14%         6    ######.
 Hydra Form               Tmut           #####.....   28%         6    ######.
 Summon Hydra             Summ           #####.....   85%         7    #######


Dungeon Overview and Level Annotations

Branches:
Dungeon (13/15)            Temple (1/1) D:6            Lair (6/6) D:11
 Shoals (0/4) Lair:3       Spider (0/4) Lair:2        Slime (0/5) Lair:5
    Orc (2/2) D:11            Elf (0/3) Orc:2
 Vaults: D:13-14

Altars:
Ashenzari
Cheibriados
Dithmenos
Elyvilon
Fedhas
Gozag
Hepliaklqana
Kikubaaqudgha
Makhleb
Okawaru
Ru
Sif Muna
Trog
Vehumet
Wu Jian
Xom
Yredelemnul
The Shining One
Jiyva

Shops:
D:5 ?   D:8 [   D:11 ([   Orc:2 *(!%

Annotations:
D:6 2 runed doors, BryzzWind's ghost, novice DrTm


Innate Abilities, Weirdness & Mutations

Your experience applies equally to all skills.
You have very sharp teeth.
Your uncanny sense of smell can sniff out nearby items.


Message History

The phantasmal warrior hits you!!
* * * LOW HITPOINT WARNING * * *
Your magical defenses are stripped away!
The wraith barely misses you.
The phantasmal warrior blinks!
Okay, then.
As you read the scroll of teleportation, it crumbles to dust.
You feel strangely unstable. The death knight completely misses you.
The phantasmal warrior hits you!
* * * LOW HITPOINT WARNING * * *
The wraith hits you.
* * * LOW HITPOINT WARNING * * *
The wraith drains your vigour!
You feel as though you will be slow longer.
The phantasmal warrior blinks!
As you read the scroll of magic mapping, it crumbles to dust.
You feel momentarily disoriented. The wraith barely misses you.
You block the phantasmal warrior's attack.
You block the death knight's attack. The wraith hits you but does no damage.
The phantasmal warrior hits you!!
You die...

▒▒▒ ░▒▒▒▒▒▒▒░░░░ ··▒░░░
▒▒▒▒▒▒▒ ░·······◦◦◦░ ··╬◦◦░
▒·····▒▒▒▒z······◦◦◦░
··▒░·▒░░▒·····▒·@Wp······◦◦◦░
··▒░···▒▒·····▒W▒▒C<·····◦◦◦░
··▒░░▒··········▒░·W·····◦◦◦░
··▒ ░▒▒▒·····▒▒▒░·······◦◦◦░
··▒ ▒·····▒ ░▒▒▒▒▒▒╬░░░░ ▒▒▒
▒▒·▒▒▒▒ ░◦░ ▒▒··▒ ░◦░ ▒··▒▒
░◦░░░ ▒▒▒ ▒·▒▒ ░◦◦◦░


You could see a death knight, a skeletal warrior, a cyclops, 2 phantasmal
warriors and a wraith.

Vanquished Creatures
  Rupert (Orc:2)
  Frances (D:12)
  An orc warlord (D:11)
  A stone giant (Orc:2)
  A minotaur (Lab)
  An ettin (Orc:1)
  A fire dragon (Volcano)
  6 hydras
  Erolcha (D:12)
  3 two-headed ogres
  A death knight (D:12)
  Erica (D:8)
  A catoblepas (Lair:6)
  A deep troll shaman (Lair:6)
  4 orc high priests
  9 death yaks (Lair:6)
  Urug (D:10)
  An unseen horror (D:11)
  3 oklob plants
  3 cyclopes
  5 orc knights (Orc:2)
  4 orc sorcerers
  3 ugly things
  14 elephants
  3 salamanders (Volcano)
  3 merfolk sirens (Lair:3)
  4 black mambas
  Maurice (D:8)
  9 spiny frogs
  A rime drake (Lair:6)
  A freezing wraith (D:12)
  A komodo dragon (Lair:2)
  2 jumping spiders (Lair:2)
  5 polar bears
  A merfolk (Lair:3)
  7 trolls
  A hornet (D:11)
  16 blink frogs
  10 hippogriffs
  9 wyverns
  3 redbacks (Lair:2)
  2 shadows (D:12)
  A fire elemental (Lair:4)
  3 wraiths
  A basilisk (Lair:2)
  35 yaks
  A hungry ghost (D:9)
  Grum (D:10)
  4 steam dragons (Volcano)
  4 fire bats (Volcano)
  Menkaure (D:6)
  7 wargs
  A soldier ant (D:13)
  15 water moccasins
  12 porcupines
  36 orc warriors
  4 sky beasts
  15 ice beasts
  3 phantoms
  2 black bears
  14 wolves
  13 ogres
  4 centaurs (D:13)
  22 crocodiles
  2 big kobolds (D:11)
  12 bullfrogs
  A wyvern skeleton (D:11)
  5 scorpions
  7 wights
  11 electric eels
  4 crimson imps
  A bullfrog zombie (D:11)
  8 howler monkeys
  A quasit (D:10)
  18 orc priests
  11 hounds
  3 jellies
  4 centaur zombies
  27 orc wizards
  3 bullfrog skeletons
  2 iguanas
  8 worker ants
  A howler monkey zombie (D:8)
  21 adders
  A shadow imp (D:5)
  An ooze (D:1)
  An adder skeleton (D:7)
  An adder zombie (D:5)
  3 worms (D:3)
  2 dart slugs (D:1)
  6 leopard geckos
  110 orcs
  7 ball pythons
  6 bats
  4 giant cockroaches
  12 hobgoblins
  9 jackals
  6 quokkas
  A ball python zombie (D:6)
  5 frilled lizards
  9 goblins
  17 kobolds
  6 rats
  A fungus (Lair:2)
  3 plants
707 creatures vanquished.

Vanquished Creatures (others)
  A centaur (D:13)
  An orc wizard (Orc:2)
  3 orc priests
  A kobold (D:11)
  10 fungi
  33 plants
49 creatures vanquished.

Grand Total: 756 creatures vanquished

Notes
Turn   | Place    | Note
-------+----------+-------------------------------------------
     0 | D:1      | Azzok the Gnoll Enchanter began the quest for the Orb.
     0 | D:1      | Reached XP level 1. HP: 13/13 MP: 6/6
   106 | D:1      | Reached XP level 2. HP: 19/19 MP: 7/7
   318 | D:1      | Learned a level 2 spell: Ensorcelled Hibernation
   695 | D:1      | Reached XP level 3. HP: 18/25 MP: 9/9
   700 | D:1      | Learned a level 3 spell: Confuse
   704 | D:1      | Learned a level 3 spell: Dazzling Spray
   802 | D:1      | Reached skill level 5 in Spellcasting
  1045 | D:1      | Reached skill level 1 in Invocations
  1509 | D:2      | Found an ornate altar of the Wu Jian Council.
  1565 | D:2      | Reached skill level 1 in Fighting
  1565 | D:2      | Reached skill level 1 in Long Blades
  1565 | D:2      | Reached skill level 1 in Axes
  1565 | D:2      | Reached skill level 1 in Maces & Flails
  1565 | D:2      | Reached skill level 1 in Polearms
  1565 | D:2      | Reached skill level 1 in Staves
  1565 | D:2      | Reached skill level 1 in Slings
  1565 | D:2      | Reached skill level 1 in Bows
  1565 | D:2      | Reached skill level 1 in Crossbows
  1565 | D:2      | Reached skill level 1 in Throwing
  1565 | D:2      | Reached skill level 1 in Armour
  1565 | D:2      | Reached skill level 1 in Shields
  1565 | D:2      | Reached skill level 1 in Unarmed Combat
  1565 | D:2      | Reached skill level 1 in Evocations
  1643 | D:2      | Reached XP level 4. HP: 32/32 MP: 8/11
  1781 | D:2      | Found a shimmering altar of Xom.
  1983 | D:2      | Reached skill level 1 in Conjurations
  1983 | D:2      | Reached skill level 1 in Charms
  1983 | D:2      | Reached skill level 1 in Summonings
  1983 | D:2      | Reached skill level 1 in Necromancy
  1983 | D:2      | Reached skill level 1 in Translocations
  1983 | D:2      | Reached skill level 1 in Transmutations
  1983 | D:2      | Reached skill level 1 in Fire Magic
  1983 | D:2      | Reached skill level 1 in Ice Magic
  1983 | D:2      | Reached skill level 1 in Air Magic
  1983 | D:2      | Reached skill level 1 in Earth Magic
  1983 | D:2      | Reached skill level 1 in Poison Magic
  2650 | D:3      | Reached XP level 5. HP: 18/37 MP: 4/12
  2897 | D:3      | Found a glowing golden altar of the Shining One.
  3592 | D:4      | Reached XP level 6. HP: 44/44 MP: 11/13
  3675 | D:4      | Reached skill level 5 in Dodging
  4039 | D:4      | Learned a level 3 spell: Tukima's Dance
  4042 | D:5      | Entered Level 5 of the Dungeon
  4046 | D:5      | Found a shadowy altar of Dithmenos.
  4046 | D:5      | Noticed a phantom
  4085 | D:5      | Killed a phantom
  4181 | D:5      | Reached XP level 7. HP: 35/50 MP: 10/15
  4429 | D:5      | Found Biocuit's Magic Scroll Shoppe.
  4437 | D:5      | Bought a scroll of teleportation for 39 gold pieces
  4437 | D:5      | Bought a scroll of blinking for 97 gold pieces
  4970 | D:6      | Found a large runed door.
  4970 | D:6      | Found a large runed door.
  4971 | D:6      | Noticed Menkaure
  4974 | D:6      | Killed Menkaure
  4974 | D:6      | Reached XP level 8. HP: 57/57 MP: 16/16
  4986 | D:6      | Noticed BryzzWind's ghost (novice DrTm)
  5026 | D:6      | Found a staircase to the Ecumenical Temple.
  5034 | Temple   | Entered the Ecumenical Temple
  5144 | Temple   | Became a worshipper of Sif Muna the Loreminder
  6254 | D:7      | Reached XP level 9. HP: 33/65 MP: 2/18
  7243 | D:7      | Reached skill level 5 in Short Blades
  7486 | D:7      | Reached * piety under Sif Muna
  7935 | D:8      | Reached skill level 5 in Invocations
  8715 | D:8      | Noticed Maurice
  8722 | D:8      | Killed Maurice
  8722 | D:8      | Reached XP level 10. HP: 73/73 MP: 20/20
  9009 | D:8      | Found Asiapsa's Armour Shop.
  9010 | D:8      | Found a burning altar of Makhleb.
  9021 | D:8      | Bought a +0 buckler for 58 gold pieces
  9087 | D:8      | Learned a level 2 spell: Blink
  9245 | D:8      | Noticed Erica
  9555 | D:8      | Killed Erica
  9555 | D:8      | Reached skill level 5 in Fighting
  9555 | D:8      | Reached skill level 5 in Long Blades
  9555 | D:8      | Reached skill level 5 in Axes
  9555 | D:8      | Reached skill level 5 in Maces & Flails
  9555 | D:8      | Reached skill level 5 in Polearms
  9555 | D:8      | Reached skill level 5 in Staves
  9555 | D:8      | Reached skill level 5 in Slings
  9555 | D:8      | Reached skill level 5 in Bows
  9555 | D:8      | Reached skill level 5 in Crossbows
  9555 | D:8      | Reached skill level 5 in Throwing
  9555 | D:8      | Reached skill level 5 in Armour
  9555 | D:8      | Reached skill level 5 in Shields
  9555 | D:8      | Reached skill level 5 in Unarmed Combat
  9555 | D:8      | Reached skill level 5 in Evocations
 10199 | D:9      | Reached ** piety under Sif Muna
 11230 | D:10     | Entered Level 10 of the Dungeon
 11426 | D:10     | Noticed Urug
 11445 | D:10     | Killed Urug
 11445 | D:10     | Reached XP level 11. HP: 58/81 MP: 17/22
 11657 | D:10     | Noticed Grum
 12342 | D:10     | Killed Grum
 12782 | D:11     | Found a frozen archway.
 12836 | D:11     | Reached skill level 5 in Conjurations
 12836 | D:11     | Reached skill level 5 in Charms
 12836 | D:11     | Reached skill level 5 in Summonings
 12836 | D:11     | Reached skill level 5 in Necromancy
 12836 | D:11     | Reached skill level 5 in Translocations
 12836 | D:11     | Reached skill level 5 in Transmutations
 12836 | D:11     | Reached skill level 5 in Fire Magic
 12836 | D:11     | Reached skill level 5 in Ice Magic
 12836 | D:11     | Reached skill level 5 in Air Magic
 12836 | D:11     | Reached skill level 5 in Earth Magic
 12836 | D:11     | Reached skill level 5 in Poison Magic
 12981 | IceCv    | Entered an ice cave
 12981 | IceCv    | Noticed a white ugly thing
 12982 | IceCv    | Found a transporter.
 12990 | IceCv    | Killed a white ugly thing
 13338 | IceCv    | Noticed a white ugly thing
 13343 | IceCv    | Found a transporter.
 13351 | IceCv    | Got a heavily runed steel ring
 13363 | D:11     | HP: 4/81 [jackal (2)]
 13564 | D:11     | Noticed a cyclops
 13573 | D:11     | Killed a cyclops
 13699 | D:11     | Identified the ring of Qig Bih {+Fly rC+ Str+4} (You found
                  | it in an ice cave)
 13768 | D:11     | Reached *** piety under Sif Muna
 13859 | D:11     | Found a white marble altar of Elyvilon.
 14223 | D:11     | Found Oqosy's Weapon Emporium.
 14223 | D:11     | Found a staircase to the Orcish Mines.
 14224 | D:11     | Found Dulala's Armour Emporium.
 15044 | D:11     | Noticed a red ugly thing
 15045 | D:11     | Noticed a purple ugly thing
 15077 | D:11     | Killed a red ugly thing
 15077 | D:11     | Reached XP level 12. HP: 89/89 MP: 19/24
 15154 | D:11     | Noticed a two-headed ogre
 15175 | D:11     | Killed a two-headed ogre
 15403 | D:11     | Found a staircase to the Lair.
 15735 | Lair:1   | Entered Level 1 of the Lair of Beasts
 15818 | Lair:1   | Reached **** piety under Sif Muna
 17758 | Lair:2   | Noticed a seven-headed hydra
 17760 | Lair:2   | Noticed a six-headed hydra
 17803 | Lair:2   | Killed a six-headed hydra
 18053 | Lair:2   | Found a hole to the Spider Nest.
 18654 | Lair:2   | Killed a seven-headed hydra
 18936 | Lair:3   | Reached XP level 13. HP: 98/98 MP: 23/26
 19160 | Lair:3   | Found a staircase to the Shoals.
 19540 | Lair:3   | Reached skill level 10 in Stealth
 19919 | Lair:4   | Found a dark tunnel.
 20045 | Volcano  | Entered a volcano
 20937 | Volcano  | Reached ***** piety under Sif Muna
 21087 | Volcano  | Noticed a fire dragon
 21106 | Volcano  | Killed a fire dragon
 21252 | Lair:4   | Identified Sif Muna's Compendium of Sinister Good Luck (Sif
                  | Muna gifted it to you on level 4 of the Lair of Beasts)
 21252 | Lair:4   | Received a gift from Sif Muna
 22654 | Lair:5   | Reached skill level 10 in Spellcasting
 22821 | Lair:5   | Reached XP level 14. HP: 106/106 MP: 20/28
 23085 | Lair:5   | Found a viscous altar of Jiyva.
 23086 | Lair:5   | Found a staircase to the Slime Pits.
 23841 | Lair:6   | Entered Level 6 of the Lair of Beasts
 23859 | Lair:5   | Reached skill level 10 in Dodging
 24017 | Lair:6   | Found a shimmering altar of Xom.
 24351 | Lair:6   | Found a bloodstained altar of Trog.
 24440 | Lair:6   | Reached skill level 10 in Invocations
 26084 | Orc:1    | Entered Level 1 of the Orcish Mines
 26085 | Orc:1    | Upgraded the game from 0.22.0-78-g6c94d2c to 0.22.1
 26387 | Orc:1    | Noticed an orc warlord
 26410 | D:11     | Received a gift from Sif Muna
 26608 | D:12     | Noticed Erolcha
 26680 | D:12     | Found a labyrinth entrance.
 26686 | Lab      | Entered a labyrinth
 27202 | Lab      | Reached XP level 15. HP: 114/114 MP: 29/29
 27596 | D:11     | Killed an orc warlord
 27707 | D:11     | Reached skill level 10 in Short Blades
 28195 | Orc:2    | Entered Level 2 of the Orcish Mines
 28366 | Orc:2    | Noticed Rupert
 28498 | Orc:2    | Killed Rupert
 28693 | Orc:2    | Found a staircase to the Elven Halls.
 29533 | Orc:1    | You fall through a shaft!
 29757 | Orc:2    | Reached skill level 10 in Hexes
 29983 | Orc:2    | Found Buocoecu's Food Emporium.
 29983 | Orc:2    | Found Jim Ipol's Distillery.
 29985 | Orc:2    | Found Reol's Assorted Antiques.
 29985 | Orc:2    | Found Zahuqeng's Antique Weapon Emporium.
 29987 | Orc:2    | Identified Sif Muna's Volume of Protection (Sif Muna gifted
                  | it to you on level 2 of the Orcish Mines)
 29987 | Orc:2    | Received a gift from Sif Muna
 30037 | Orc:2    | Bought a potion of heal wounds for 60 gold pieces
 30037 | Orc:2    | Bought a potion of agility for 48 gold pieces
 30037 | Orc:2    | Bought 2 potions of heal wounds for 120 gold pieces
 30395 | D:12     | Reached skill level 10 in Fighting
 30395 | D:12     | Reached skill level 10 in Long Blades
 30395 | D:12     | Reached skill level 10 in Axes
 30395 | D:12     | Reached skill level 10 in Maces & Flails
 30395 | D:12     | Reached skill level 10 in Polearms
 30395 | D:12     | Reached skill level 10 in Staves
 30395 | D:12     | Reached skill level 10 in Slings
 30395 | D:12     | Reached skill level 10 in Bows
 30395 | D:12     | Reached skill level 10 in Crossbows
 30395 | D:12     | Reached skill level 10 in Throwing
 30395 | D:12     | Reached skill level 10 in Armour
 30395 | D:12     | Reached skill level 10 in Shields
 30395 | D:12     | Reached skill level 10 in Unarmed Combat
 30395 | D:12     | Reached skill level 10 in Evocations
 30496 | D:12     | Killed Erolcha
 30754 | D:12     | Got a translucent ring mail
 30755 | D:12     | Identified the cursed +0 ring mail "Peqoig" {Str+2} (You
                  | found it on level 12 of the Dungeon)
 31190 | D:12     | Noticed Frances
 31202 | D:12     | Killed Frances
 31484 | D:13     | Slain by a phantasmal warrior

Skill      XL: |  1  2  3  4  5  6  7  8  9 10 11 12 13 14 15 |
---------------+----------------------------------------------+-----
Spellcasting   | 5 6 7 8 9 10 11 | 11.1
Stealth        | 6 7 8 9 10 11 | 11.5
Invocations    | 1 2 3 4 5 6 7 8 9 10 | 10.9
Fighting       | 1 2 3 4 5 6 7 8 9 10 | 10.1
Long Blades    | 1 2 3 4 5 6 7 8 9 10 | 10.1
Axes           | 1 2 3 4 5 6 7 8 9 10 | 10.1
Maces & Flails | 1 2 3 4 5 6 7 8 9 10 | 10.1
Polearms       | 1 2 3 4 5 6 7 8 9 10 | 10.1
Staves         | 1 2 3 4 5 6 7 8 9 10 | 10.1
Slings         | 1 2 3 4 5 6 7 8 9 10 | 10.1
Bows           | 1 2 3 4 5 6 7 8 9 10 | 10.1
Crossbows      | 1 2 3 4 5 6 7 8 9 10 | 10.1
Throwing       | 1 2 3 4 5 6 7 8 9 10 | 10.1
Armour         | 1 2 3 4 5 6 7 8 9 10 | 10.1
Shields        | 1 2 3 4 5 6 7 8 9 10 | 10.1
Unarmed Combat | 1 2 3 4 5 6 7 8 9 10 | 10.1
Evocations     | 1 2 3 4 5 6 7 8 9 10 | 10.1
Conjurations   | 1 2 3 4 5 6 7 8 |  8.5
Charms         | 1 2 3 4 5 6 7 8 |  8.5
Summonings     | 1 2 3 4 5 6 7 8 |  8.5
Necromancy     | 1 2 3 4 5 6 7 8 |  8.5
Translocations | 1 2 3 4 5 6 7 8 |  8.5
Transmutations | 1 2 3 4 5 6 7 8 |  8.5
Fire Magic     | 1 2 3 4 5 6 7 8 |  8.5
Ice Magic      | 1 2 3 4 5 6 7 8 |  8.5
Air Magic      | 1 2 3 4 5 6 7 8 |  8.5
Earth Magic    | 1 2 3 4 5 6 7 8 |  8.5
Poison Magic   | 1 2 3 4 5 6 7 8 |  8.5
Short Blades   | 3 4 5 6 7 8 9 10 | 10.4
Dodging        | 5 6 7 8 9 10 11 | 11.0
Hexes          | 6 7 8 9 10 | 10.1

Action                   |  1- 3 |  4- 6 |  7- 9 | 10-12 | 13-15 || total
-------------------------+-------+-------+-------+-------+-------++-------
Melee: Dagger            |   104 |   132 |   206 |   634 |   694 ||  1770
       Bite              |     6 |    13 |    12 |    82 |    87 ||   200
       Punch             |     1 |     2 |     1 |       |       ||     4
 Cast: Ensorcelled Hiber |    13 |    44 |   107 |   219 |   361 ||   744
       Corona            |     4 |     5 |    13 |    33 |    49 ||   104
       Confuse           |       |     4 |    31 |    89 |   100 ||   224
       Blink             |       |       |       |     1 |    11 ||    12
       Tukima's Dance    |       |       |       |     1 |       ||     1
       Dazzling Spray    |       |       |       |       |     4 ||     4
Invok: Divine Energy     |       |       |       |     1 |       ||     1
       Stop Divine Energ |       |       |       |     1 |       ||     1
Evoke: Wand              |       |       |       |       |    27 ||    27
  Use: Scroll            |     3 |     6 |     5 |     7 |    14 ||    35
       Potion            |       |       |       |       |     1 ||     1
 Stab: Sleeping          |    20 |    34 |    73 |   166 |   222 ||   515
       Confused          |       |     3 |    19 |    37 |    55 ||   114
  Eat: Chunk             |     3 |    26 |    15 |    31 |    41 ||   116
Armor: Robe              |    10 |    19 |    22 |    79 |    10 ||   140
       Leather armour    |       |       |       |       |    49 ||    49
       Troll leather arm |       |       |       |       |    28 ||    28
Dodge: Dodged            |    70 |   103 |   152 |   333 |   468 ||  1126
       Deflected         |       |       |       |       |     8 ||     8
Block: Buckler           |       |       |       |   107 |   194 ||   301
